 Dungeon Crawl Stone Soup version 0.27-a0-419-g7a85846853 (webtiles) character file.

Game seed: 275588229058943208

8 Chiseanne the Covered (level 2, 5/23 HPs)
             Began as a Demonspawn Wanderer on Feb 26, 2021.
             Quit the game on level 1 of the Dungeon.
             The game lasted 00:00:36 (386 turns).

Chiseanne the Covered (Demonspawn Wanderer)          Turns: 386, Time: 00:00:37

Health: 5/23       AC:  5    Str: 11    XL:     2   Next: 0%
Magic:  2/2        EV: 10    Int: 15    God:
Gold:   0          SH:  0    Dex: 11    Spells: 1/1 levels left

rFire    . . .     SeeInvis .   a - +0 club
rCold    . . .     Faith    .   (no shield)
rNeg     . . .     Spirit   .   d - +0 ring mail
rPois    .         Reflect  .   (helmet restricted)
rElec    .         Harm     .   (no cloak)
rCorr    .         Rampage  .   (no gloves)
Will     .....                  (no boots)
Stlth    +.........             (no amulet)
HPRegen  0.07/turn              (no ring)
MPRegen  0.08/turn              (no ring)

@: no status effects
A: antennae 1
a: no special abilities


You were on level 1 of the Dungeon.
You visited 1 branch of the dungeon, and saw 1 of its levels.

Inventory:

Hand Weapons
 a - a +0 club (weapon)
Missiles
 h - 12 stones (quivered)
Armour
 d - a +0 ring mail (worn)
Scrolls
 b - a scroll of fear
 e - a scroll of blinking
 g - a scroll of identify {unknown}
Potions
 c - a potion of curing
 f - a potion of mutation {unknown}


   Skills:
 * Level 2.4 Fighting
 - Level 1.0 Throwing
 * Level 3.8 Armour
 - Level 1.0 Stealth
 - Level 1.7 Unarmed Combat


You had one spell level left.
You didn't know any spells.
Your spell library was empty.

Dungeon Overview and Level Annotations

Branches:
Dungeon (1/15)

Altars:


Innate Abilities, Weirdness & Mutations

You have a pair of small antennae on your head.


Message History

The bat closely misses you. The bat hits you but does no damage. x2
The bat closely misses you. The bat hits you but does no damage.
You see here a jackal corpse.
The bat hits you but does no damage. x2
The bat barely misses you. The bat misses you.
You hit the bat.
The bat is heavily wounded.
The bat barely misses you. The bat closely misses you.
You closely miss the bat.
The bat is heavily wounded.
The bat barely misses you.
You closely miss the bat.
The bat is heavily wounded.
The bat hits you but does no damage. x2; The bat closely misses you.
The goblin barely misses you.
You closely miss the bat.
The bat is heavily wounded.
The bat hits you but does no damage. x2; The goblin closely misses you.
The bat closely misses you.
You barely miss the bat.
The bat is heavily wounded.
The bat barely misses you. The goblin barely misses you.
The bat hits you but does no damage.
You hit the goblin.
The goblin is heavily wounded.
The bat hits you. The bat hits you but does no damage.
The goblin closely misses you.
You closely miss the goblin.
The goblin is heavily wounded.
The bat barely misses you. x2; The goblin hits you but does no damage.
The goblin hits you with a +0 club.
* * * LOW HITPOINT WARNING * * *
You hit the goblin.
You kill the goblin!
The bat hits you but does no damage. The bat closely misses you.
You have reached level 2!
Your demonic ancestry asserts itself...
A pair of antennae grows on your head!
Are you sure you want to abandon this character and quit the game? (Confirm with "yes".)

#.......................#
#.....###.####..........#
#...#.# #.# #..†.......#
#...#.###.# #..†.......#
#...#.....# #...........
#####....########.#######
#....#≈≈≈≈≈≈≈.≈≈≈≈≈≈≈
#..).#≈≈≈≈≈.....≈≈≈≈≈
##.#@#≈≈....≈≈≈....≈≈
#..#b#≈...≈≈≈.≈≈≈...≈
#..#b#≈..≈≈..<.≈≈≈...
##..B#≈...≈≈≈.≈≈≈...≈
##..#≈≈....≈≈≈....≈≈
#÷.#≈≈≈≈≈.....≈≈≈≈≈
#.÷#≈≈≈≈≈≈≈≈≈≈≈≈≈≈≈
#..################ #..#
###


You could see a giant cockroach and 2 bats.

Vanquished Creatures
  A bat (D:1)
  2 goblins (D:1)
  2 jackals (D:1)
  2 rats (D:1)
7 creatures vanquished.

Notes
Turn   | Place    | Note
-------+----------+-------------------------------------------
     0 | D:1      | Chiseanne the Demonspawn Wanderer began the quest for the
                  | Orb.
     0 | D:1      | Chiseanne set off with the following items: a +0 club, a
                  | scroll of fear, a potion of curing, a +0 ring mail, a
                  | scroll of blinking
     0 | D:1      | Reached XP level 1. HP: 16/16 MP: 1/1
   386 | D:1      | Gained mutation: You have a pair of small antennae on your
                  | head. [demonic ancestry]
   386 | D:1      | Reached XP level 2. HP: 5/23 MP: 2/2
   386 | D:1      | Quit the game

Illustrated notes

Levels and vault maps discovered:
D:1:      dpeg_arrival_shrine, layout_rooms

Action                   || total
-------------------------++-------
Melee: Club              ||    53
Armor: Ring mail         ||    63
Dodge: Dodged            ||    71

Table legend: (Time is in decaauts)
 A = Elapsed time spent in this place.
 B = Non-inter-level travel time spent in this place.
 C = Inter-level travel time spent in this place.
 D = Time resting spent in this place.
 E = Time spent auto-exploring this place.
 F = Levels seen in this place.
 G = Mean time per level.
                   A        B        C        D        E       F      G
               +--------+--------+--------+--------+--------+-----+--------+
         Total |    402 |    402 |      0 |    154 |    134 |   1 |  402.0 |
       Dungeon |    402 |    402 |      0 |    154 |    134 |   1 |  402.0 |
               +--------+--------+--------+--------+--------+-----+--------+

Top non-repeatable levels by time:
     D:1: 402 daAuts
